Map: Triton LE

Players

SortOf

  • Race: Zerg Zerg
  • League: Master
  • Spawn Location: 5:00

Denver - Winner!

  • Race: Zerg Zerg
  • League: Master
  • Spawn Location: 11:00

Event: HomeStory Cup XX

VOD

Have the link to the VOD?

Description

Time

  • Played on: Nov. 21, 2019, 12:37 p.m.
  • Length: 6:40

All games in this series

Show
View Real Time Build Order
Export as new Build Order

SortOf Zerg 

Build Orders: Hatch First, Zergling Baneling 

Get SALT Encoding   

  12  0:00  Drone  
  13  0:12  Overlord  
  13  0:17  Drone  
  14  0:30  Drone  
  14  0:31  Drone  
  16  0:48  Hatchery  
  15  0:51  Drone  
  15  0:54  Drone  
  17  0:58  Drone  
  18  1:07  Extractor  
  17  1:13  Spawning Pool  
  17  1:16  Drone  
  17  1:19  Drone  
  18  1:28  Drone  
  19  1:38  Drone  
  20  1:50  Drone  
  21  2:00  Queen x2  
  25  2:02  Overlord  
  25  2:04  Drone  
  25  2:08  Metabolic Boost  
  26  2:11  Drone x2  
  28  2:23  Drone x2  
  30  2:33  Hatchery  
  30  2:34  Zergling x2  
  30  2:36  Zergling x2  
  31  2:42  Baneling Nest  
  30  2:44  Drone  
  30  2:46  Drone  
  32  2:53  Overlord  
  32  2:58  Drone  
  33  3:05  Drone  
  33  3:06  Drone  
  33  3:09  Drone  
  33  3:11  Drone x2  
  38  3:13  Overlord  
  38  3:15  Drone x2  
  40  3:20  Evolution Chamber  
  40  3:21  Drone  
  40  3:24  Drone  
  41  3:27  Queen  
  41  3:33  Drone x2  
  45  3:40  Zergling x10  
  50  3:47  Zergling x8  
  54  3:49  Baneling x2  
  54  3:53  Zerg Melee Weapons Level 1  
  54  3:56  Extractor  
  54  3:59  Zergling x2, Drone x2  
  56  4:04  Overlord  
  56  4:08  Zergling x4  
  58  4:12  Baneling x2  
  58  4:15  Zergling x4  
  58  4:17  Overlord  
  58  4:22  Zergling x8  
  51  4:31  Queen  
  51  4:34  Zergling x6  
  55  4:41  Zergling x10  
  55  4:42  Baneling x2  
  55  4:43  Baneling x2  
  59  4:50  Zergling x4  
  61  5:00  Zergling x8  
  61  5:05  Zergling x2  
  59  5:09  Queen, Overlord x2  
  59  5:10  Queen  
  59  5:11  Baneling x4  
  59  5:14  Zergling x2  
  59  5:17  Zergling x4  
  59  5:19  Zergling x4  
  61  5:21  Zergling x2  
  61  5:24  Zergling x4  
  57  5:32  Zergling x2  
  55  5:36  Baneling x2  
  55  5:38  Zergling x4  
  57  5:46  Drone x6  
  63  5:53  Zergling x2  
  63  5:58  Zergling x2  
  63  6:01  Zergling x10  
  67  6:05  Baneling x2  
  67  6:07  Zergling x2  
  67  6:11  Zergling x4  
  69  6:15  Zergling x4  
  60  6:21  Zergling x6  
Show
View Real Time Build Order
Export as new Build Order

Denver Zerg - Winner!

Build Orders: Hatch First 

Get SALT Encoding   

  12  0:00  Drone  
  13  0:12  Overlord  
  13  0:17  Drone  
  14  0:31  Drone x2  
  16  0:47  Hatchery  
  15  0:51  Drone  
  15  0:55  Drone  
  17  0:59  Drone  
  18  1:10  Extractor  
  17  1:14  Spawning Pool  
  17  1:18  Drone  
  17  1:21  Drone  
  18  1:28  Drone  
  19  1:39  Drone  
  20  1:50  Drone  
  21  1:59  Overlord  
  21  2:01  Zergling x2, Queen x2  
  26  2:10  Metabolic Boost  
  26  2:11  Drone  
  26  2:13  Drone  
  28  2:21  Drone x2  
  30  2:35  Hatchery  
  29  2:37  Drone  
  30  2:44  Queen  
  30  2:49  Overlord  
  32  2:52  Drone  
  32  2:54  Drone  
  34  2:59  Baneling Nest  
  34  3:02  Drone  
  34  3:03  Drone  
  35  3:06  Drone  
  35  3:11  Drone x2  
  38  3:13  Zergling x2  
  38  3:15  Zergling x2  
  38  3:19  Overlord  
  40  3:22  Zergling x2  
  40  3:23  Drone  
  40  3:26  Drone  
  43  3:31  Drone, Evolution Chamber  
  43  3:36  Drone  
  43  3:40  Lair  
  44  3:42  Zergling x2  
  44  3:43  Zergling x2  
  44  3:47  Zergling x4  
  44  3:48  Zergling x2  
  48  3:54  Zergling x6  
  48  3:55  Zergling x2  
  52  3:56  Zergling x2  
  52  4:00  Overlord  
  52  4:02  Zergling x2  
  54  4:05  Baneling x2  
  54  4:06  Zergling x2  
  55  4:12  Zergling x4  
  55  4:16  Overlord  
  57  4:23  Zergling x2  
  57  4:24  Zergling x12  
  60  4:32  Zergling x10  
  62  4:39  Zergling x6  
  62  4:41  Zerg Melee Weapons Level 1  
  65  4:46  Zergling x6  
  65  4:49  Baneling x3  
  60  5:00  Zergling x14  
  60  5:02  Drone x2  
  67  5:10  Baneling x2  
  64  5:15  Zergling x12  
  61  5:22  Zergling x4  
  61  5:27  Zergling x6  
  61  5:28  Zergling x2  
  61  5:36  Zergling x14  
  61  5:42  Baneling x4  
  67  5:46  Zergling x8  
  71  5:53  Zergling x2  
  69  6:01  Zergling x10  
  72  6:04  Overlord  
  72  6:06  Baneling x2  
  72  6:07  Overlord  
  72  6:10  Zergling x2  
  72  6:11  Zergling x2  
  74  6:13  Overlord  
  74  6:15  Overlord  
  71  6:18  Zergling x2  
  71  6:19  Zergling x2  
  71  6:20  Overlord  
Tags
 
Add a new tag
Caveats
  • Supply blocks, unpowered buildings, or Contaminate may cause inaccurate times.
  • Supply counts are checked every 10 seconds.